Zazza, neutral female human Tourist ----- |@d.| |@d.| ------ |.f.| |.....# -.--- ##...<.|# ## # |....|# # ### |....|# # # ------# # ### # # # # # # # # # # --------.--- |. # ### |.....$....| .... # # |....[.....| |...>.# ###|.{........| ----- #...........| ------------ Zazza the Sightseer Experience level: 3 Strength: 10 Dexterity: 10 Constitution: 12 Intelligence: 17 Wisdom: 10 Charisma: 18 Health: 0(24) Energy: 12(12) Def: 1 Gold: 1095 Moves: 1915 Dungeon seed: 5yfM9dot5_ay4vzv Game ID: Zazza_1536674596 Your Inventory: Coins $ - 1095 gold pieces Weapons a - 26 +2 darts (in quiver) n - 3 +0 orcish daggers (wielded) q - a rusty +0 dagger Armor e - an uncursed +0 Hawaiian shirt (being worn) z - an uncursed +0 orcish helm (being worn) Comestibles b - 3 uncursed food rations c - an uncursed cream pie f - 3 uncursed tripe rations h - an uncursed egg Scrolls j - 3 uncursed scrolls of magic mapping v - a blessed scroll of magic mapping Spellbooks o - an uncursed spellbook of magic missile w - an uncursed spellbook of restore ability Tools k - an uncursed skeleton key l - an expensive camera (0:94) m - an uncursed credit card p - an uncursed leash t - an uncursed blindfold Gems y - 2 uncursed worthless pieces of violet glass Spells and supernatural/magical abilities: Name Level Category Fail Memory W - pray for help -- divine ? -- Your skills at the end: Fighting Skills Weapon Skills dagger [Basic] dart [Basic] Spellcasting Skills Final Attributes: You were fervently aligned. You were going to confuse monsters. You are dead. Vanquished creatures: a floating eye a coyote a gas spore a giant rat 3 geckos 5 jackals a fox a kobold 4 goblins 8 grid bugs a lichen 5 newts 32 creatures vanquished. Voluntary challenges: You had been an atheist until turn 1912. You used a wielded weapon 26 times, starting on turn 333. You read items or engraved 4 times, starting on turn 560. You never genocided any monsters. You never polymorphed an object. You never changed form. You used no wishes. You never split a pudding. You never wrote Elbereth's name. You never violated your personal moral code. Dungeon overview: The Dungeons of Doom: levels 1 to 5 Level 1 a fountain a long staircase Level 2 a fountain Level 3 a fountain Level 4 a long staircase Level 5 <- You were here a fountain History has recorded: On T:1 you entered the Dungeons of Doom to retrieve the Amulet of Yendor! On T:399 you reached level 2 of The Dungeons of Doom. On T:750 you advanced to experience level 2. On T:779 you reached level 3 of The Dungeons of Doom. On T:1219 you reached level 4 of The Dungeons of Doom. On T:1741 you advanced to experience level 3. On T:1809 you reached level 5 of The Dungeons of Doom. Score breakdown: Gold: 336 ( 8598 points) Experience: 3 levels ( 7878 points) Exploration: 5 levels ( 10.20%) ( 8660 points) Discoveries: 2 items ( 0.67%) ( 2457 points) Valuables value: (no points given unless you survive) Artifact value: 0 ( 0 points) Variety of kills: 12 monsters ( 3.15%) ( 5324 points) Turncount: 1915 turns ( 0 points) Survival: died (score multiplied by 80%) Total score: 26333 Latest messages: You begin praying to The Lady. You are surrounded by a shimmering light. The jackal starts to attack you, but pulls back. (2x) Armand misses the jackal. The werejackal starts to attack you, but pulls back. Armand bites the jackal. The jackal is killed! The jackal starts to attack you, but pulls back. (2x) The werejackal starts to attack you, but pulls back. The jackal starts to attack you, but pulls back. (2x) Armand bites the werejackal. The werejackal misses Armand. The werejackal starts to attack you, but pulls back. Armand bites the werejackal. You feel that The Lady is pleased. You feel purified. As you read the scroll, it disappears. Your hands begin to glow red. The jackal bites! (2x) Armand misses the werejackal. The werejackal hits! You die... Final status: Aloha Zazza the Tourist, killed by a werejackal... You died in The Dungeons of Doom on dungeon level 5 with 26333 points, and 1095 pieces of gold, after 1915 moves. You were level 3 with a maximum of 24 hit points when you died.